 Dungeon Crawl Stone Soup version 0.22.1-2-g9c5b331383 (webtiles) character file.

12237 Jynx the Geomancer (level 11, -9/54 HPs)
             Began as a Gargoyle Earth Elementalist on Nov 15, 2018.
             Was a Believer of Ashenzari.
             Mangled by a freezing wraith (15 damage)
             ... on level 2 of the Lair of Beasts.
             The game lasted 00:29:10 (11494 turns).

Jynx the Geomancer (Gargoyle Earth Elementalist)   Turns: 11494, Time: 00:29:12

Health: -9/54      AC: 16    Str: 12    XL:     11   Next: 90%
Magic:  6/24       EV: 16    Int: 18    God:    Ashenzari [**....]
Gold:   523        SH:  0    Dex: 18    Spells: 4/28 levels left

rFire    . . .     SeeInvis .   B - +7 Spriggan's Knife {MR+ EV+4 Dex+4 Stlth+} (curse)
rCold    . . .     Gourm    .   (no shield)
rNeg     + + .     Faith    .   y - +2 robe {rN+}
rPois    ∞         Spirit   .   A - +1 helmet
rElec    +         Reflect  .   w - +0 cloak
rCorr    +         Harm     .   c - +0 pair of gloves
MR       +....                  (no boots)
Stlth    +++.......             (no amulet)
HPRegen  0.18/turn              C - ring of resist corrosion
MPRegen  0.19/turn              G - +3 ring of dexterity

@: slowed, very slow
A: negative energy resistance 1, electricity resistance, unbreathing,
petrification resistance, rot immunity, AC +8
a: Curse Item, Scrying, Renounce Religion


You were on level 2 of the Lair of Beasts.
You worshipped Ashenzari.
Ashenzari was pleased with you.
You were not hungry.

You visited 3 branches of the dungeon, and saw 11 of its levels.

You collected 523 gold pieces.

Inventory:

Hand Weapons
 B - the cursed +7 Spriggan's Knife (weapon) {MR+ EV+4 Dex+4 Stlth+}
   (You found it on level 6 of the Dungeon)

   It affects your evasion (+4).
   It affects your dexterity (+4).
   It affects your resistance to hostile enchantments.
   It makes you more stealthy.
   It has a curse placed upon it.
Missiles
 l - 2 stones (quivered)
Armour
 c - a +0 pair of gloves (worn)
 w - a +0 cloak (worn)
 y - a +2 robe of positive energy (worn)
 A - a +1 helmet (worn)
Jewellery
 C - a ring of resist corrosion (left hand)
 G - a +3 ring of dexterity (right hand)
 H - an uncursed ring of positive energy
Wands
 h - a wand of flame (38)
 t - a wand of polymorph (28)
 u - a wand of paralysis (9)
 L - a wand of random effects (28)
Scrolls
 a - a scroll of remove curse
 b - a scroll of enchant weapon {unknown}
 e - 4 scrolls of identify
 f - 2 scrolls of fog
 r - a scroll of blinking {unknown}
 x - 2 scrolls of teleportation
 D - a scroll of magic mapping {unknown}
 E - a scroll of fear {unknown}
 F - a scroll of torment {unknown}
 J - a scroll of noise {unknown}
 K - a scroll of enchant armour
 M - a scroll of brand weapon {unknown}
Potions
 g - a potion of resistance {unknown}
 i - a potion of haste {unknown}
 j - 2 potions of lignification
 k - a potion of magic {unknown}
 m - 2 potions of flight
 n - a potion of degeneration {unknown}
 o - a potion of brilliance {unknown}
 p - 2 potions of ambrosia
 q - a potion of agility {unknown}
 s - 6 potions of curing
 v - 2 potions of might
 z - a potion of invisibility {unknown}
Comestibles
 d - 13 rations
 I - 6 chunks of flesh


   Skills:
 + Level 8.4(10.7) Short Blades
 - Level 1.5 Dodging
 - Level 2.1 Stealth
 + Level 9.0 Spellcasting
 - Level 7.0 Conjurations
 - Level 0.7 Transmutations
 * Level 7.7 Ice Magic
 - Level 10.8 Earth Magic


You had 4 spell levels left.
You knew the following spells:

 Your Spells              Type           Power        Failure   Level  Hunger
a - Sandblast             Erth           #####.       1%          1    None
b - Passwall              Tmut/Erth      ####....     1%          2    None
c - Stone Arrow           Conj/Erth      #####.       1%          3    None
d - Lee's Rapid Deconstr  Erth           #####.....   2%          5    #####..
e - Freezing Cloud        Conj/Ice/Air   ####......   87%         6    ######.
f - Petrify               Tmut/Erth      ####....     9%          4    ###....
g - Confuse               Hex            #.......     26%         3    None

Your spell library contained the following spells:

 Spells                   Type           Power        Failure   Level  Hunger
 Shock                    Conj/Air       ###.         1%          1    None
 Ensorcelled Hibernation  Hex/Ice        ###...       2%          2    None
 Dazzling Spray           Conj/Hex       ###...       6%          3    None
 Animate Skeleton         Necr           N/A          9%          1    None
 Apportation              Tloc           #.....       9%          1    None
 Confusing Touch          Hex            #.....       9%          1    None
 Corona                   Hex            #......      9%          1    None
 Infusion                 Chrm           #...         9%          1    None
 Summon Small Mammal      Summ           #...         9%          1    None
 Shroud of Golubria       Chrm/Tloc      #.........   13%         2    None
 Tukima's Dance           Hex            #.......     26%         3    None
 Summon Lightning Spire   Summ/Air       #.......     65%         4    ###....
 Silence                  Hex/Air        #.........   94%         5    #####..


Dungeon Overview and Level Annotations

Branches:
Dungeon (8/15)             Temple (1/1) D:5            Lair (2/6) D:8
  Swamp: Lair:2-4    Shoals: Lair:2-4     Snake: Lair:2-4    Spider: Lair:2-4

Altars:
Ashenzari
Cheibriados
Dithmenos
Elyvilon
Fedhas
Gozag
Hepliaklqana
Kikubaaqudgha
Makhleb
Nemelex Xobeh
Okawaru
Qazlal
Ru
Sif Muna
Trog
Uskayaw
Vehumet
Wu Jian
Xom
Yredelemnul
Zin
The Shining One

Shops:
D:4 (

Annotations:
Lair:2 exclusion: ice statue, Sonja


Innate Abilities, Weirdness & Mutations

You are resistant to torment.
Your stone body is resilient. (AC +8)
You are immune to poison.
You resist negative energy. (rN+)
You are resistant to electric shocks. (rElec)
You can survive without breathing.
You are immune to petrification.
You are immune to rotting.


Message History

Aiming: Confuse (safe; 26% risk of failure)
Press: ? - help, Shift-Dir - straight line, f/p - Sonja
Aim: Sonja, wielding a dagger of venom and quivering 8 curare-tipped needles Sonja appears confused.
Sonja barely misses you. Sonja hits you but does no damage.
Sonja closely misses you. The freezing wraith hits you.
The freezing wraith freezes you!
* * * LOW HITPOINT WARNING * * *
The freezing wraith barely misses you.
Casting: Confuse (safe; 26% risk of failure)
Confirm with . or Enter, or press ? or * to list all spells.
Aiming: Sandblast (safe; 1% risk of failure)
Press: ? - help, Shift-Dir - straight line, f - freezing wraith, p - Sonja
Aim: a freezing wraith (severely damaged)
The blast of sand hits the freezing wraith.
The freezing wraith is almost destroyed.
l - 2 stones The freezing wraith hits you.
* * * LOW HITPOINT WARNING * * *
The freezing wraith freezes you!
You die...

.......#. , ,
.......' , , ...... *
.#P....##**, .....,,
.≈##.P.W## ,,..... ,
≈###..P#.# **##.P.
≈##..P..### ...###
≈..#..#WPP# *#....#
..........######W..K#
⌠........##....#@...#
.......>.+....#.....#
.........# #......$.#
#........# #...#....#
#.#..#+..#
##..+....## ..####
### ####....P# ...##
* #....## 8...##,
##...## .....##
####...#.#


You could see a freezing wraith and Sonja (confused).

Vanquished Creatures
  3 two-headed ogres (D:8)
  Pikel (D:8)
  4 black mambas
  4 spiny frogs
  A polar bear (Lair:2)
  4 hippogriffs (Lair:1)
  Sigmund (D:6)
  3 wyverns (D:8)
  9 yaks
  A basilisk (Lair:1)
  A hungry ghost (D:6)
  2 water moccasins
  Duvessa (D:4)
  A swamp drake (D:8)
  3 ice beasts
  2 porcupines
  2 sky beasts
  2 phantoms
  A hornet zombie (D:8)
  4 wolves
  An ogre (D:5)
  3 centaurs
  4 crocodiles
  10 bullfrogs
  Dowan (D:4)
  4 killer bees (D:8)
  A bullfrog zombie (D:8)
  4 crimson imps
  4 orc priests
  Crazy Yiuf (D:4)
  A bullfrog skeleton (D:5)
  5 hounds
  An iron imp (D:5)
  An iguana (D:5)
  9 orc wizards
  4 worker ants
  2 hound zombies
  2 worker ant zombies
  A howler monkey skeleton (D:4)
  8 gnolls
  6 adders
  3 shadow imps
  A white imp (Lair:2)
  An adder skeleton (D:4)
  5 worms (D:3)
  2 dart slugs
  8 leopard geckos
  15 orcs
  10 bats
  3 giant cockroaches
  9 goblins
  9 hobgoblins
  17 jackals
  6 kobolds
  4 quokkas
  2 ball pythons
  5 frilled lizards
  A quokka skeleton (D:8)
  6 rats
230 creatures vanquished.

Vanquished Creatures (others)
  A killer bee (D:8)
  A bush (Lair:1)
  2 fungi (Lair:2)
4 creatures vanquished.

Grand Total: 234 creatures vanquished

Notes
Turn   | Place    | Note
-------+----------+-------------------------------------------
     0 | D:1      | Jynx the Gargoyle Earth Elementalist began the quest for
                  | the Orb.
     0 | D:1      | Reached XP level 1. HP: 10/10 MP: 3/3
   152 | D:1      | Reached skill level 4 in Earth Magic
   164 | D:1      | Reached XP level 2. HP: 7/15 MP: 0/5
   640 | D:1      | Learned a level 2 spell: Passwall
   814 | D:1      | Reached XP level 3. HP: 19/19 MP: 1/6
  1491 | D:2      | Found an iron altar of Okawaru.
  1791 | D:2      | Learned a level 3 spell: Stone Arrow
  1886 | D:2      | Reached skill level 5 in Earth Magic
  2203 | D:2      | Found a burning altar of Makhleb.
  2206 | D:2      | Reached XP level 4. HP: 24/24 MP: 5/8
  2256 | D:2      | Reached skill level 1 in Short Blades
  2683 | D:3      | Found a faded altar of an unknown god.
  2720 | D:3      | Found a hazy altar of Hepliaklqana.
  2868 | D:3      | Reached XP level 5. HP: 27/28 MP: 9/9
  3026 | D:3      | Noticed a moth of wrath
  3028 | D:3      | Found a bloodstained altar of Trog.
  3588 | D:4      | Reached skill level 6 in Earth Magic
  3631 | D:4      | Found a runed door.
  3755 | D:4      | Found Gin Duyp's Weapon Emporium.
  3900 | D:4      | Noticed a phantom
  3907 | D:4      | Killed a phantom
  3907 | D:4      | Reached XP level 6. HP: 23/32 MP: 3/11
  4055 | D:4      | Noticed Duvessa
  4056 | D:4      | Noticed Dowan
  4106 | D:4      | Killed Duvessa
  4106 | D:4      | Reached skill level 7 in Earth Magic
  4106 | D:4      | Reached XP level 7. HP: 13/36 MP: 0/12
  4312 | D:4      | Killed Dowan
  4477 | D:4      | Found a burning altar of Makhleb.
  4610 | D:4      | Noticed Crazy Yiuf
  4657 | D:4      | Killed Crazy Yiuf
  4723 | D:5      | Entered Level 5 of the Dungeon
  4735 | D:5      | Found a snail-covered altar of Cheibriados.
  4754 | D:5      | Found a stormy altar of Qazlal.
  4768 | D:5      | Reached skill level 8 in Earth Magic
  4778 | D:5      | Found a staircase to the Ecumenical Temple.
  4805 | Temple   | Entered the Ecumenical Temple
  4858 | Temple   | Became a worshipper of Ashenzari the Shackled
  5022 | D:5      | Learned a level 5 spell: Lee's Rapid Deconstruction
  5356 | D:5      | Reached XP level 8. HP: 39/41 MP: 3/14
  5818 | D:6      | Reached skill level 9 in Earth Magic
  5940 | D:6      | Noticed Sigmund
  6021 | D:6      | Killed Sigmund
  6021 | D:6      | Reached skill level 5 in Spellcasting
  6731 | D:6      | Reached skill level 10 in Earth Magic
  6731 | D:6      | Reached XP level 9. HP: 42/45 MP: 3/17
  6839 | D:6      | Found the +7 Spriggan's Knife {MR+ EV+4 Dex+4 Stlth+}
  7586 | D:7      | Found a hide-covered altar of Uskayaw.
  7586 | D:7      | Found a sacrificial altar of Ru.
  7617 | D:7      | Identified the Handbook of Flying Enhancements
  7670 | D:7      | Reached * piety under Ashenzari
  7940 | D:7      | Reached skill level 5 in Short Blades
  7997 | D:7      | Found an ancient bone altar of Kikubaaqudgha.
  8223 | D:7      | Learned a level 6 spell: Freezing Cloud
  8224 | D:7      | Reached skill level 1 in Conjurations
  8325 | D:8      | Noticed a two-headed ogre
  8329 | D:8      | Killed a two-headed ogre
  8330 | D:8      | Found an opulent altar of Gozag.
  8483 | D:8      | Noticed a two-headed ogre
  8490 | D:8      | Killed a two-headed ogre
  8490 | D:8      | Reached skill level 5 in Conjurations
  8490 | D:8      | Reached XP level 10. HP: 50/50 MP: 15/20
  8629 | D:8      | Learned a level 4 spell: Petrify
  8707 | D:8      | Noticed Pikel
  8712 | D:8      | Killed Pikel
  9177 | D:8      | Noticed a two-headed ogre
  9184 | D:8      | Killed a two-headed ogre
  9361 | D:8      | Found a staircase to the Lair.
  9550 | Lair:1   | Entered Level 1 of the Lair of Beasts
  9671 | Lair:1   | Reached XP level 11. HP: 44/54 MP: 19/22
  9674 | Lair:1   | Reached ** piety under Ashenzari
  9871 | Lair:1   | Reached skill level 5 in Ice Magic
 10364 | Lair:1   | Learned a level 3 spell: Confuse
 11283 | Lair:2   | Found a labyrinth entrance.
 11290 | Lair:2   | Noticed Sonja
 11494 | Lair:2   | Mangled by a freezing wraith

Skill      XL: |  1  2  3  4  5  6  7  8  9 10 11 |
---------------+----------------------------------+-----
Earth Magic    | 4 5 6 7 8 10 | 10.8
Short Blades   | 1 2 3 4 6 7 8 |  8.4
Spellcasting   | 3 4 5 6 7 9 |  9.0
Conjurations   | 5 7 |  7.0
Ice Magic      | 4 7 |  7.7
Dodging        | |  1.5
Stealth        | |  2.1
Transmutations | |  0.7

Action                   |  1- 3 |  4- 6 |  7- 9 | 10-12 || total
-------------------------+-------+-------+-------+-------++-------
Melee: Unarmed           |    39 |       |     2 |       ||    41
       Short sword       |    57 |   116 |   187 |       ||   360
       Knife             |       |       |    57 |   100 ||   157
 Cast: Sandblast         |    37 |    45 |    53 |   140 ||   275
       Lee's Rapid Decon |       |       |    20 |     8 ||    28
       Passwall          |       |       |     1 |       ||     1
       Confuse           |       |       |       |     2 ||     2
       Petrify           |       |       |       |     1 ||     1
Invok: Curse Item        |       |       |     1 |       ||     1
  Use: Scroll            |       |     3 |     8 |     1 ||    12
 Stab: Sleeping          |     3 |     1 |     7 |     8 ||    19
  Eat: Chunk             |     4 |     7 |    19 |    11 ||    41
       Ration            |       |       |     1 |       ||     1
Armor: Robe              |    24 |    49 |    88 |    64 ||   225
Dodge: Dodged            |    72 |    83 |   187 |   153 ||   495
